 Dungeon Crawl Stone Soup version 0.30.1-11-g7821555f0a (webtiles) character file.

Game seed: 10622579078764032841

89 SacredBeard the Grave Robber (level 4, -11/31 (32) HPs)
             Began as a Demonspawn Necromancer on Nov 5, 2023.
             Mangled by a hell rat (15 damage)
             ... in a sewer.
             The game lasted 00:05:49 (2650 turns).

SacredBeard the Grave Robber (DsNe)                 Turns: 2650, Time: 00:05:49

HP:   -11/31 (32)   AC:  8    Str:  8    XL:     4   Next: 31%
MP:   6/6           EV: 11    Int: 17    God:
Gold: 130           SH:  4    Dex: 15    Spells: 6/7 levels left

rFire   + . .        r - +3 falchion
rCold   . . .        (no shield)
rNeg    . . .        w - +0 leather armour
rPois   .            (helmet restricted)
rElec   .            j - +0 cloak
rCorr   .            (no gloves)
SInv    .            (no boots)
Will    .....        (no amulet)
Stlth   ++           u - ring of protection from fire
HPRegen 0.25/turn    x - +4 ring of protection
MPRegen 0.10/turn

%: no passive effects
@: lightly drained
A: antennae 1, foul stench 1, condensation shield, low MP 1, sense surroundings
1
a: no special abilities


You were in a sewer.
You visited 1 branch of the dungeon, and saw 3 of its levels.
You also visited: Sewer.

You collected 130 gold pieces.

Inventory:

Hand Weapons
 r - a +3 falchion (weapon)
Missiles
 i - 28 stones
 l - 4 silver javelins
 o - 4 poisoned darts
Armour
 j - a +0 cloak (worn)
 k - a +0 plate armour
 w - a +0 leather armour (worn)
Jewellery
 u - a ring of protection from fire (left hand)
 x - a +4 ring of protection (right hand)
Scrolls
 a - 2 scrolls of teleportation {unknown}
 d - a scroll of magic mapping {unknown}
 f - 2 scrolls of identify {unknown}
 g - a scroll of noise {unknown}
 h - a scroll of summoning {unknown}
 m - a scroll of fear {unknown}
 q - 2 scrolls of immolation {unknown}
 v - 2 scrolls of enchant weapon {unknown}
 y - a scroll of enchant armour {unknown}
Potions
 b - a potion of magic
 c - a potion of might {unknown}
 e - a potion of heal wounds {unknown}
 n - a potion of brilliance {unknown}
 p - a potion of mutation
 s - a potion of flight {unknown}
 t - a potion of haste {unknown}


   Skills:
 + Level 1.2 Fighting
 + Level 0.5 Long Blades
 + Level 1.1 Throwing
 + Level 0.9 Armour
 - Level 2.0 Dodging
 + Level 2.2 Stealth
 - Level 2.0 Spellcasting
 * Level 5.2 Necromancy


You had 6 spell levels left.
You knew the following spells:

 Your Spells              Type           Power      Damage    Failure   Level
a - Necrotise             Necr           76%        1d7       3%          1

Your spell library contained the following spells:

 Spells                   Type           Power      Damage    Failure   Level
 Vampiric Draining        Necr           19%        2d7       10%         3
 Animate Dead             Necr           19%        N/A       32%         4
 Agony                    Necr           19%        N/A       65%         5


Dungeon Overview and Level Annotations

Branches:
Dungeon (3/15) Zot: 15442   Sewer (1/1) Zot: 5894

Altars:
Dithmenos
Gozag
Makhleb
Yredelemnul

Annotations:
D:3 1 transporter, Beranek's ghost, amateur MiFi


Innate Abilities, Weirdness & Mutations

You have a pair of small antennae on your head.
You may rarely emit foul miasma when damaged in melee.
A meltable shield of frost defends you. (SH +4)
Your magical capacity is low. (-10% MP)
You passively map a small area around you.


Message History

A hell rat comes into view.
The hell rat roars deafeningly!
A rat comes into view.
Found four items.
Found a gate leading back out of this place.
You can't see any susceptible monsters within range! (Use Z to cast anyway.)
You can't see any susceptible monsters within range! (Use Z to cast anyway.)
You hit the hell rat.
The hell rat is lightly wounded.
The hell rat barely misses you.
You closely miss the hell rat.
The hell rat is lightly wounded.
The hell rat splashes around in the water.
You hit the hell rat but do no damage.
The hell rat is lightly wounded.
The hell rat splashes around in the water. x2
You hit the hell rat.
The hell rat is lightly wounded.
The hell rat bites you but does no damage.
The hell rat bites you!
You feel drained.
You hit the hell rat.
The hell rat is moderately wounded.
The hell rat bites you.
You slash the hell rat!
The hell rat is severely wounded.
The hell rat splashes around in the water.
The hell rat closely misses you.
You closely miss the hell rat.
The hell rat is severely wounded.
The hell rat bites you. The rat misses you.
You barely miss the hell rat.
The hell rat is severely wounded.
You block the hell rat's attack. The rat bites you but does no damage.
The hell rat bites you!
* * * LOW HITPOINT WARNING * * *
It was a potion of mutation.
You feel extremely strange.
You feel less energetic.
You feel a strange attunement to the structure of the dungeons.
The hell rat bites you!
You die...

#####
###~~.###
#~....~~#
##~.~~~~~##
#~..###.~.#
##~.## ##~.##
#..~# ~#..~#
#@~##~ ##~~#
#rr# ~ ,#~~#
#.~'~r~!∩#∩∩#
#~~#~~~)?#~.#
#~~##~~!##~.#
#~~. ~~~#~~.#
##~~ .##.~##
#~.. #~~~#
##~~ ~.~##


You could see a hell rat and a rat.

Vanquished Creatures
  3 adders
  3 worms (D:3)
  A dart slug (D:2)
  5 ball pythons (D:2)
  4 bats
  2 endoplasms
  3 giant cockroaches
  3 goblins (D:1)
  3 hobgoblins
  4 quokkas
  2 frilled lizards
  7 kobolds
  13 rats
53 creatures vanquished.

Vanquished Creatures (collateral kills)
  2 rats (D:2)
2 creatures vanquished.

Grand Total: 55 creatures vanquished

Notes
Turn   | Place    | Note
-------+----------+-------------------------------------------
     0 | D:1      | SacredBeard the Demonspawn Necromancer began the quest for
                  | the Orb.
     0 | D:1      | Reached XP level 1. HP: 13/13 MP: 3/3
   364 | D:1      | Gained mutation: You have a pair of small antennae on your
                  | head. [demonic ancestry]
   364 | D:1      | Reached XP level 2. HP: 20/20 MP: 1/5
  1256 | D:2      | Gained mutation: You may rarely emit foul miasma when
                  | damaged in melee. [demonic ancestry]
  1256 | D:2      | Reached XP level 3. HP: 25/25 MP: 4/6
  1508 | D:2      | Reached skill level 1 in Fighting
  1508 | D:2      | Reached skill level 5 in Necromancy
  2345 | D:3      | Found a transporter.
  2346 | D:3      | Noticed Beranek's ghost (amateur MiFi)
  2404 | D:3      | Reached skill level 1 in Throwing
  2404 | D:3      | Gained mutation: A meltable shield of frost defends you.
                  | (SH +4) [demonic ancestry]
  2404 | D:3      | Reached XP level 4. HP: 29/32 MP: 2/7
  2412 | D:3      | Found a shadowy altar of Dithmenos.
  2473 | D:3      | Found a basalt altar of Yredelemnul.
  2473 | D:3      | Found a burning altar of Makhleb.
  2486 | D:3      | Found an opulent altar of Gozag.
  2537 | D:3      | Found a glowing drain.
  2551 | Sewer    | Entered a sewer
  2650 | Sewer    | Gained mutation: Your magical capacity is low. (-10% MP)
                  | [potion of mutation]
  2650 | Sewer    | Gained mutation: You passively map a small area around you.
                  | [potion of mutation]
  2650 | Sewer    | Mangled by a hell rat

Illustrated notes

Levels and vault maps discovered:
D:1:      minmay_arrival_arboretum_small, layout_basic, kennysheep_minor_cross
D:2:      layout_loops_ring, kennysheep_pointless_box, nrook_loot_triangle,
          chequers_serial_rivers_micro_e, minmay_rat_gold_closets
D:3:      layout_rooms, nicolae_overflow_quartered_altars, lemuel_tele_altar,
          cheibrodos_sewer_entry_sluice, gammafunk_ghost_arena,
          uniq_crazy_yiuf_cottage
Sewer:    sewer_hellmonk_bad_rat

Skill      XL: |  1  2  3 |
---------------+----------+-----
Stealth        | 2 |  2.2
Dodging        | 2 |  2.0
Fighting       | 1 |  1.2
Necromancy     | 5 |  5.2
Throwing       | 1 |  1.1
Long Blades    | |  0.5
Armour         | |  0.9
Spellcasting   | |  2.0

Action                     |  1- 3 |  4- 6 || total
---------------------------+-------+-------++-------
  Melee: Dagger            |    12 |       ||    12
         Falchion          |     2 |    17 ||    19
   Cast: Necrotise         |    85 |    10 ||    95
    Use: Potion            |       |     1 ||     1
 Armour: Robe              |     5 |       ||     5
         Leather armour    |     3 |     5 ||     8
  Dodge: Dodged            |    12 |     6 ||    18
  Block: Other             |       |     2 ||     2
